 Dungeon Crawl Stone Soup version 0.31.0-32-g396128a36d (webtiles) character file.

Game seed: 13354522357257036669

672675 dracomuter the Timeless (level 27, -14/238 HPs)
             Began as a Naga Fighter on Apr 9, 2024.
             Was a High Priest of Cheibriados.
             Killed from afar by an orb of fire (86 damage)
             ... with a fireball
             ... on level 5 of the Realm of Zot on Apr 13, 2024.
             The game lasted 04:33:10 (78619 turns).

dracomuter the Timeless (Naga Fighter)             Turns: 78619, Time: 04:33:10

Health: -14/238    AC: 43    Str: 44    XL:     27
Magic:  27/32      EV: 17    Int: 23    God:    Cheibriados [*****.]
Gold:   4751       SH: 22    Dex: 25    Spells: 39/42 levels left

rFire   . . .        a - +9 demon trident (flame)
rCold   + + .        V - +0 tower shield {rC+}
rNeg    + + +        U - +5 storm dragon scales
rPois   +            g - +1 helmet of the Garden {rN+ Str+2 Dex+3}
rElec   +            q - scarf {repulsion}
rCorr   +            o - +2 pair of gloves
SInv    +            s - +4 barding
Will    +++..        d - amulet of faith
Stlth   ++           I - ring of Raphaudgh {^Drain rC+ rN+++ Dex-4 Slay+4}
HPRegen 0.59/turn    R - ring "Etetzi" {rF+ rN+ rCorr}
MPRegen 0.23/turn

%: repel missiles, faith
@: studying 4 skills, very slow
A: AC +9, large, see invisible, deformed body, poison resistance, slowness 2,
spit poison 1, naga tail 2, frail 2, low MP 2, heat vulnerability 1, noise
suppression
}: 5/15 runes: barnacled, slimy, silver, abyssal, gossamer
a: Spit Poison, Renounce Religion, Bend Time, Temporal Distortion, Slouch, Step
From Time


You were on level 5 of the Realm of Zot.
You worshipped Cheibriados.
Cheibriados was extremely pleased with you.
You visited 12 branches of the dungeon, and saw 54 of its levels.
You visited the Abyss 1 time.
You also visited: Trove and Gauntlet.

You collected 9577 gold pieces.
You spent 4826 gold pieces at shops.

Inventory:

Hand Weapons
 a - a +9 demon trident of flaming (weapon)
 v - a +4 demon trident of electrocution
Missiles
 p - 26 silver javelins
 x - 46 boomerangs (quivered)
 A - 14 curare-tipped darts
 H - 8 throwing nets
Armour
 g - the +1 helmet of the Garden (worn) {rN+ Str+2 Dex+3}
   (You found it on level 2 of the Vaults)

   Str+2:     It affects your strength (+2).
   Dex+3:     It affects your dexterity (+3).
   rN+:       It protects you from negative energy.
 o - a +2 pair of gloves (worn)
 q - a scarf of repulsion (worn)
 s - a +4 barding (worn)
 Q - a +0 helmet of intelligence
 U - +5 storm dragon scales (worn)
 V - a +0 tower shield of cold resistance (worn)
Jewellery
 d - an amulet of faith (around neck)
 I - the ring of Raphaudgh (left hand) {^Drain rC+ rN+++ Dex-4 Slay+4}
   (You found it on level 3 of the Depths)

   [ring of slaying]

   Dex-4:     It affects your dexterity (-4).
   Slay+4:    It affects your accuracy & damage with ranged weapons and melee
   (+4).
   rC+:       It protects you from cold.
   rN+++:     It renders you almost immune to negative energy.
   ^Drain:    It drains your maximum health when unequipped.
 L - the ring of Qeumm {rN+ Will+ Int+4 Dex+2}
   (You took it off a meliai on level 14 of the Dungeon)

   [ring of willpower]

   Int+4:     It affects your intelligence (+4).
   Dex+2:     It affects your dexterity (+2).
   rN+:       It protects you from negative energy.
   Will+:     It increases your willpower.
 R - the ring "Etetzi" (right hand) {rF+ rN+ rCorr}
   (You found it on level 2 of the Shoals)

   [ring of protection from fire]

   rF+:       It protects you from fire.
   rN+:       It protects you from negative energy.
   rCorr:     It protects you from acid and corrosion.
 X - the ring of Sif Muna's Castigation {+Blink Fly rN+ AC+4}
   (You bought it in a shop on level 10 of the Dungeon)

   [ring of protection]

   AC+4:      It affects your AC (+4).
   rN+:       It protects you from negative energy.
   Fly:       It grants you flight.
   +Blink:    It lets you blink.
Wands
 l - a wand of iceblast (34)
 z - a wand of digging (21)
 E - a wand of paralysis (56)
 P - a wand of light (1)
Scrolls
 h - 2 scrolls of butterflies
 r - 3 scrolls of fog
 w - 8 scrolls of poison
 y - 15 scrolls of teleportation
 F - 10 scrolls of immolation
 G - 3 scrolls of silence
 K - 4 scrolls of blinking
 M - 7 scrolls of vulnerability
 O - 14 scrolls of fear
 W - 2 scrolls of torment
 Y - 4 scrolls of revelation
Potions
 b - 2 potions of heal wounds
 c - a potion of magic
 e - 2 potions of might
 f - 3 potions of resistance
 i - 18 potions of enlightenment
 j - 23 potions of curing
 k - 11 potions of mutation
 t - 3 potions of berserk rage
 u - 9 potions of lignification
 C - 7 potions of attraction
 N - 2 potions of invisibility
 S - 2 potions of ambrosia
 T - 6 potions of cancellation
Miscellaneous
 n - a phantom mirror
 D - a lightning rod (4/4)


   Skills:
 O Level 27 Fighting
 - Level 14.0 Polearms
 - Level 9.0 Throwing
 - Level 16.3 Armour
 + Level 15.2 Dodging
 - Level 10.0 Stealth
 - Level 15.0 Shields
 - Level 8.0 Spellcasting
 - Level 6.0 Translocations
 O Level 27 Invocations
 - Level 10.0 Evocations


You had 39 spell levels left.
You knew the following spells:

 Your Spells              Type           Power      Damage    Failure   Level
a - Apportation           Tloc           72%        N/A       2%          1
b - Blink                 Tloc           72%        N/A       3%          2

Your spell library contained the following spells:

 Spells                   Type           Power      Damage    Failure   Level
 Gell's Gravitas          Tloc           36%        N/A       6%          3
 Teleport Other           Tloc           36%        N/A       6%          3
 Volatile Blastmotes      Fire/Tloc      46%        2d13      22%         3
 Manifold Assault         Tloc           36%        N/A       22%         4
 Freeze                   Ice            36%        1d5       26%         1
 Kiss of Death            Conj/Necr      36%        2d8       26%         1
 Magic Dart               Conj           36%        1d4       26%         1
 Necrotise                Necr           36%        1d5       26%         1
 Sandblast                Erth           18%        2d7       26%         1
 Shock                    Conj/Air       36%        1d5       26%         1
 Slow                     Hex            36%        N/A       26%         1
 Sting                    Conj/Alch      36%        1d5       26%         1
 Summon Small Mammal      Summ           36%        N/A       26%         1
 Call Imp                 Summ           18%        N/A       36%         2
 Cigotuvi's Dreadful Rot  Necr/Alch/Air  18%        N/A       36%         2
 Ensorcelled Hibernation  Hex/Ice        18%        N/A       36%         2
 Mercury Vapours          Alch/Air       18%        N/A       36%         2
 Scorch                   Fire           18%        2d5       36%         2
 Searing Ray              Conj           18%        2d5       36%         2
 Static Discharge         Conj/Air       18%        3-4/arc   36%         2
 Sublimation of Blood     Necr           9%         N/A       36%         2
 Call Canine Familiar     Summ           9%         N/A       58%         3
 Confusing Touch          Hex            9%         N/A       58%         3
 Dazzling Flash           Conj/Hex       18%        N/A       58%         3
 Frozen Ramparts          Ice            18%        1d3       58%         3
 Fugue of the Fallen      Necr           9%         N/A       58%         3
 Inner Flame              Hex/Fire       9%         N/A       58%         3
 Mephitic Cloud           Conj/Alch/Air  9%         N/A       58%         3
 Passwall                 Erth           9%         N/A       58%         3
 Sigil of Binding         Hex            9%         N/A       58%         3
 Stone Arrow              Conj/Erth      18%        3d8       58%         3
 Summon Ice Beast         Ice/Summ       9%         N/A       58%         3
 Swiftness                Air            9%         N/A       58%         3
 Vampiric Draining        Necr           9%         2d6       58%         3
 Summon Forest            Summ/Tloc      11%        N/A       90%         5
 Airstrike                Air            4%         2d(1-17)  94%         4
 Anguish                  Hex/Necr       4%         N/A       94%         4
 Animate Armour           Summ/Erth      18%        N/A       94%         4
 Animate Dead             Necr           9%         N/A       94%         4
 Brom's Barrelling Bould  Conj/Erth      9%         2d3       94%         4
 Dispel Undead            Necr           9%         3d8       94%         4
 Fulminant Prism          Conj/Alch      4%         3d5       94%         4
 Ignite Poison            Fire/Alch      9%         N/A       94%         4
 Martyr's Knell           Necr/Summ      9%         N/A       94%         4
 Olgreb's Toxic Radiance  Alch           9%         N/A       94%         4
 Petrify                  Alch/Erth      9%         N/A       94%         4
 Sticky Flame             Fire/Alch      9%         2d5       94%         4
 Summon Blazeheart Golem  Fire/Summ      9%         N/A       94%         4
 Summon Lightning Spire   Summ/Air       9%         N/A       94%         4
 Dispersal                Tloc           18%        N/A       97%         6
 Alistair's Intoxication  Alch           6%         N/A       100%        5
 Borgnjor's Vile Clutch   Necr/Erth      4%         N/A       100%        5
 Curse of Agony           Necr           9%         N/A       100%        5
 Freezing Cloud           Conj/Ice/Air   4%         6-21      100%        5
 Irradiate                Conj/Alch      4%         3d13      100%        5
 Lee's Rapid Deconstruct  Erth           4%         3d5*      100%        5
 Silence                  Hex/Air        4%         N/A       100%        5
 Summon Mana Viper        Hex/Summ       9%         N/A       100%        5
 Conjure Ball Lightning   Conj/Air       4%         3x3d6     100%        6
 Death Channel            Necr           4%         N/A       100%        6
 Eringya's Noxious Bog    Alch           4%         4d6       100%        6
 Plasma Beam              Fire/Air       4%         2x1d14    100%        6
 Starburst                Conj/Fire      4%         6d4       100%        6
 Summon Cactus Giant      Summ           4%         N/A       100%        6
 Haunt                    Necr/Summ      4%         N/A       100%        7
 Malign Gateway           Summ/Tloc      11%        N/A       100%        7
 Monstrous Menagerie      Summ           4%         N/A       100%        7
 Orb of Destruction       Conj           4%         9d5       100%        7
 Spellforged Servitor     Conj/Summ      4%         N/A       100%        7
 Summon Hydra             Summ           4%         N/A       100%        7
 Borgnjor's Revivificati  Necr           4%         N/A       100%        8
 Discord                  Hex            4%         N/A       100%        8
 Disjunction              Tloc           18%        N/A       100%        8
 Ignition                 Fire           4%         3d4       100%        8
 Lehudib's Crystal Spear  Conj/Erth      4%         10d3      100%        8
 Maxwell's Capacitive Co  Air            4%         ∞         100%        8
 Summon Horrible Things   Summ           4%         N/A       100%        8
 Chain Lightning          Conj/Air       4%         3d6       100%        9
 Death's Door             Necr           4%         N/A       100%        9
 Fire Storm               Conj/Fire      4%         8d1       100%        9
 Shatter                  Erth           4%         3d8*      100%        9


Dungeon Overview and Level Annotations

Branches:
Dungeon (15/15)            Temple (1/1) D:5            Lair (5/5) D:8
 Shoals (4/4) Lair:2       Spider (4/4) Lair:2        Slime (5/5) Lair:4
    Orc (2/2) D:12            Elf (3/3) Orc:2        Vaults (5/5) D:14
  Crypt (0/3) Vaults:3     Depths (4/4) D:15           Hell (visited)
    Dis (0/7) Hell            Geh (0/7) Hell            Coc (0/7) Hell
    Tar (0/7) Hell            Zot (5/5) Depths:4    Gauntlet (visited)

Altars:
Ashenzari
Cheibriados
Dithmenos
Elyvilon
Fedhas
Gozag
Hepliaklqana
Kikubaaqudgha
Makhleb
Nemelex Xobeh
Okawaru
Qazlal
Ru
Sif Muna
Trog
Uskayaw
Vehumet
Wu Jian
Xom
Yredelemnul
Zin
The Shining One
Jiyva

Shops:
D:10 =   D:12 (   Orc:2 *:*(   Vaults:1 :   Vaults:2 !   Vaults:3 ?
Depths:2 *:=:   Depths:4 :*

Portals:
Hell: Depths:1 Depths:2 Depths:3 Depths:4
Abyss: Depths:2 Depths:3
Pandemonium: Depths:2
Ziggurat: Depths:1

Annotations:
Spider:2 2 transporters, Arachne; Hiziss's ghost, journeyman DsCK; Honosyedgha's ghost, adept GrBe
Zot:5 1 exclusion


Innate Abilities, Weirdness & Mutations

Your serpentine skin is tough. (AC +9)
You have supernaturally acute eyesight. (SInv)
Armour fits poorly on your strangely shaped body.
Your system is resistant to poisons. (rPois)
You cover ground very slowly.
You can spit poison.
You can use your snake-like lower body to constrict enemies.
You are very frail. (-20% HP)
Your magical capacity is very low. (-20% MP)
You are vulnerable to heat. (rF-)
You passively dampen the noise of your surroundings.


Message History

r - Retreat! s - Stop attacking. g - Guard the area. f - Follow me.
Anything else - Cancel.
You shout for attention!
You see here a +0 flail.
You see here a +0 flail.
An orb of fire comes into view.
The orb of fire fails to trigger a net trap.
Throw: 46 boomerangs
Press: ? - help, Q - select action, (/) - cycle Shift-Dir - straight line, f - orb of fire
Aim: an orb of fire (wandering, hasn't noticed you, 58% to hit)
You throw a boomerang.
The boomerang completely misses the orb of fire.
The orb of fire glows yellow.
Strange energies course through your body.
You feel frail.
Unknown command.
The orb of fire glows yellow.
The bolt of fire hits you! You resist.
The orb of fire glows deep purple.
Strange energies course through your body.
You feel vulnerable to heat.
The orb of fire glows deep purple.
The bolt of fire hits you!!
The orb of fire emits a lurid red light.
The bolt of fire hits you!!
The orb of fire glows red.
Strange energies course through your body.
You feel less energetic.
The orb of fire glows yellow.
The fireball explodes!
The fireball engulfs you!!!
Activating: Slouch (0% risk of failure)
Press: ? - help, Dir - look around, f - activate You can feel time thicken for a moment.
Cheibriados lowers the support of your attributes as your movement quickens.
The orb of fire glows bright magenta.
The bolt of fire hits you!!
The orb of fire glows deep purple.
The fireball explodes!
The fireball engulfs you!!!!
You die...

▓▓▓▓▓▓▓▓▓▓# ▓▓▓
......^...### ##..^
.^^...##....##
##....# ...X.
###...###########...#
....
##......^........#
... ##*............##
.. #.@...........# .
##...........##
#...........#
##...........##
#.............#
##.............##
#...............#
########.######## #
#..#


You could see an orb of fire.

Vanquished Creatures
  the Royal Jelly (Slime:5)
  2 dread liches
  3 ancient liches
  Mennas (Depths:3)
  Mara (Shoals:3)
  An orb of fire (Zot:5)
  The ghost of Fuinin the Timeless, a master GnFi of Cheibriados (Zot:2)
  4 curse toes
  The ghost of Lukheov the Peltast, a veteran DrWn of Okawaru (Vaults:2)
  Saint Roka (Vaults:3)
  Geryon (Hell)
  9 golden dragons
  3 doom hounds (Zot:3)
  18 tentacled monstrosities
  Zenata (Vaults:2)
  8 Orb Guardians (Zot:5)
  5 deep elf blademasters
  4 liches
  4 titans
  21 acid blobs
  A quicksilver dragon (Zot:1)
  3 sphinxes
  3 krakens
  2 deep elf master archers (Elf:3)
  Polyphemus (Shoals:4)
  Grunn (Zot:3)
  5 ancient champions
  10 shadow dragons
  8 death cobs
  A tentacled starspawn (Abyss:3)
  8 tengu reavers
  Aizul (Shoals:1)
  12 storm dragons
  15 rockslimes
  12 frost giants
  4 draconian monks
  10 azure jellies
  4 deep elf sorcerers
  5 draconian shifters
  2 draconian knights
  6 fire giants
  2 juggernaut zombies (Depths:3)
  8 emperor scorpions
  An iron dragon (Vaults:5)
  A draconian scorcher (Zot:1)
  21 vault wardens
  An angel (Shoals:4)
  9 reapers (Hell)
  5 ghost moths
  4 draconian annihilators
  3 deep elf elementalists (Elf:3)
  A draconian stormcaller (Depths:4)
  2 spriggan defenders
  12 quicksilver oozes
  A broodmother (Spider:4)
  An orc warlord (D:13)
  10 very ugly things
  31 ironbound preservers
  7 formless jellyfish
  3 ironbound thunderhulks
  7 green draconians
  14 stone giants
  6 black draconians
  A minotaur (Gauntlet)
  6 deep elf demonologists
  8 vampire knights
  5 yellow draconians
  6 deep elf death magi
  8 deep elf annihilators
  6 spark wasps
  4 war gargoyles
  5 red draconians
  5 white draconians
  10 dire elephants
  11 ettins
  8 purple draconians
  15 merfolk impalers
  2 crystal guardians
  A green death (Hell)
  A blizzard demon (Hell)
  6 entropy weavers
  Josephine (Orc:1)
  10 merfolk javelineers
  13 great orbs of eyes
  3 fire dragons
  16 yaktaur captains
  A rakshasa (Abyss:3)
  3 hydras
  6 deep elf high priests
  A sphinx zombie (Depths:1)
  A ghost crab (Spider:3)
  4 peacekeepers
  37 vault guards
  An alligator snapping turtle (Shoals:4)
  A hell beast (Hell)
  10 merfolk aquamancers
  4 ice dragons
  6 spriggan air magi
  2 radroaches
  14 ironbound frosthearts
  5 ogre magi
  13 two-headed ogres
  A death knight (D:14)
  9 merfolk avatars
  25 dancing weapons
  15 death yaks
  6 catoblepae
  17 centaur warriors
  A death scarab (Gauntlet)
  A satyr (Shoals:3)
  12 boulder beetles
  5 demonic crawlers
  6 vampire magi (Depths:3)
  5 tengu warriors
  9 hell hogs
  6 deep troll earth magi
  7 deep troll shamans
  5 orc high priests
  4 occultists
  3 thrashing horrors (Abyss:3)
  29 deep elf knights
  2 spriggans
  3 spriggan berserkers
  8 sun demons (Hell)
  A soul eater (Hell)
  4 skysharks
  A wretched star (Abyss:3)
  A fire crab (shapeshifter) (Depths:2)
  Amaemon (D:9)
  26 hell knights
  7 iron trolls
  9 sea snakes
  10 skeletal warriors
  A spectral white draconian (Zot:2)
  10 pharaoh ants
  A spectral purple draconian (Zot:2)
  A death drake (Abyss:3)
  A quicksilver dragon simulacrum (Hell)
  A storm dragon skeleton (Vaults:3)
  2 shadow wraiths (Hell)
  6 arcanists
  5 cherubim (Shoals:4)
  92 deep trolls
  A golden dragon zombie (Depths:2)
  2 orb spiders (shapeshifter)
  A flayed ghost (Vaults:5)
  5 glowing orange brains
  9 orb spiders
  A sun moth (Spider:2)
  19 ironbound convokers
  An obsidian statue (Vaults:2)
  An orange crystal statue (Depths:1)
  A spriggan simulacrum (Depths:2)
  A tengu zombie (Depths:3)
  A bunyip skeleton (Hell)
  19 deep elf archers
  3 steelbarb worms
  31 deep elf zephyrmancers
  9 fauns
  2 shadow dragon zombies
  6 phantasmal warriors
  2 large abominations (Abyss:3)
  7 lindwurms
  16 orc knights
  47 deep elf pyromancers
  A tengu skeleton (Vaults:3)
  11 necromancers
  34 ugly things
  22 harpies
  10 orc sorcerers
  33 wolf spiders
  A shining eye (shapeshifter) (Vaults:5)
  9 cyclopes
  6 shining eyes
  A salamander (shapeshifter) (D:14)
  2 moths of wrath (shapeshifter)
  31 elephants
  A fire giant skeleton (Depths:2)
  8 manticores
  19 moths of wrath
  7 meliai
  23 vault sentinels
  9 merfolk sirens
  Joseph (D:7)
  A water nymph (shapeshifter) (Vaults:5)
  2 apocalypse crabs
  5 centaur zombies (D:12)
  5 water nymphs
  6 kobold blastminers
  11 smoke demons
  2 stone giant skeletons (Vaults:3)
  3 torpor snails
  4 black mambas
  4 molten gargoyles (Hell)
  2 rust devils (Hell)
  15 cane toads
  A gargoyle (D:13)
  An orange demon (D:9)
  A rime drake (shapeshifter) (D:14)
  Maggie (D:7)
  A freezing wraith (Vaults:2)
  3 unseen horrors
  34 yaktaurs
  4 hellions (Hell)
  6 rime drakes
  13 komodo dragons
  2 anaconda simulacra (Hell)
  A ghost moth simulacrum (Zot:2)
  9 catoblepas skeletons (Abyss:3)
  2 kobold demonologists
  2 efreet
  A golden dragon simulacrum (Zot:2)
  A red devil (Hell)
  5 tengu conjurers
  2 ice devils (Hell)
  An ancient zyme (Abyss:3)
  2 trolls (shapeshifter)
  A queen bee (Spider:4)
  6 trolls
  A merfolk (shapeshifter) (Elf:1)
  4 tyrant leeches (Spider:3)
  35 merfolk
  A raiju (shapeshifter) (D:12)
  7 hornets
  22 tarantellas
  3 wind drakes
  3 polar bears
  11 blink frogs
  A tengu simulacrum (Depths:1)
  5 glass eyes
  3 raiju (Abyss:3)
  13 dream sheep
  A spectral black mamba (Gauntlet)
  7 snapping turtles
  A fire giant simulacrum (Depths:1)
  61 slime creatures
  A frost giant simulacrum (Depths:1)
  24 jumping spiders
  3 spriggan zombies
  Sigmund (D:5)
  4 air elementals
  A small abomination (Abyss:3)
  An ettin skeleton (Depths:1)
  4 vampires (D:12)
  3 shadows (D:12)
  A yak (shapeshifter) (D:14)
  14 culicivoras
  4 wyverns
  13 water elementals
  4 fire bats
  10 wraiths
  2 spriggan skeletons
  A fire elemental (Elf:1)
  4 starcursed masses (Abyss:3)
  2 wargs
  44 yaks
  An elf skeleton (Vaults:3)
  A golden eye (shapeshifter) (D:13)
  11 vampire mosquitoes
  A steam dragon (D:9)
  11 basilisks
  A chaos spawn (Abyss:3)
  2 neqoxecs (Abyss:3)
  Menkaure (D:5)
  39 redbacks
  Edmund (D:6)
  3 acid dragons
  A water moccasin (shapeshifter) (D:13)
  A glowing shapeshifter zombie (Depths:2)
  A glowing shapeshifter skeleton (Vaults:3)
  20 water moccasins
  3 moth of wrath simulacra (Zot:2)
  Duvessa (D:6)
  A laughing skull (D:14)
  14 orc warriors
  A sky beast (D:5)
  A meliai simulacrum (D:14)
  5 black bears
  31 wolves
  6 ogres
  4 boggarts (D:14)
  15 centaurs
  A phantom (D:4)
  3 kobold brigands
  6 bullfrogs
  A brain worm (Abyss:3)
  A human simulacrum (Depths:1)
  5 human skeletons (Vaults:3)
  13 earth elementals
  A scorpion (D:7)
  Dowan (D:6)
  26 killer bees
  3 howler monkeys
  4 electric eels
  3 bombardier beetles
  5 hounds (D:6)
  2 jellies
  22 orc priests
  A bullfrog zombie (D:4)
  A scorpion zombie (D:4)
  2 sleepcaps (D:6)
  6 iguanas
  2 boggart zombies (D:12)
  22 orc wizards
  6 hell rats (Lair:1)
  2 hound zombies (D:4)
  9 adders
  2 shadow imps (D:6)
  16 white imps
  An adder zombie (D:4)
  6 ribbon worms
  2 dart slugs
  75 orcs
  4 bats
  9 endoplasms
  4 giant cockroaches
  6 goblins
  13 hobgoblins
  2 quokkas
  3 ball pythons
  A frilled lizard (D:3)
  20 kobolds
  4 rats
  10 tentacles
2370 creatures vanquished.

Vanquished Creatures (others)
  An ancient lich (Vaults:5)
  A fire giant (Vaults:5)
  2 ironbound preservers (Vaults:2)
  A deep elf knight (Elf:2)
  A harpy (Shoals:4)
  A wolf spider (Spider:2)
  2 deep elf zephyrmancers
  A moth of wrath (Zot:5)
  A vault sentinel (Vaults:5)
  A yaktaur (shapeshifter) (Elf:2)
  A small abomination (Abyss:3)
  An orc priest (Orc:2)
  2 starspawn tentacles (Abyss:3)
  25 tentacles
41 creatures vanquished.

Grand Total: 2411 creatures vanquished

Notes
Turn   | Place    | Note
-------+----------+-------------------------------------------
     0 | D:1      | dracomuter the Naga Fighter began the quest for the Orb.
     0 | D:1      | Reached XP level 1. HP: 21/21 MP: 1/1
   114 | D:1      | Reached XP level 2. HP: 28/28 MP: 2/2
   687 | D:2      | Reached XP level 3. HP: 30/34 MP: 3/3
  1270 | D:3      | Reached XP level 4. HP: 42/42 MP: 4/4
  1284 | D:3      | Found a faded altar of an unknown god.
  2100 | D:4      | Reached XP level 5. HP: 50/50 MP: 5/5
  2384 | D:4      | Noticed an ogre
  2387 | D:4      | Killed an ogre
  2388 | D:4      | Reached XP level 6. HP: 57/57 MP: 6/6
  2411 | D:4      | Found a snail-covered altar of Cheibriados.
  2420 | D:4      | Became a worshipper of Cheibriados the Contemplative
  2495 | D:4      | Reached skill level 1 in Invocations
  2581 | D:4      | Found a basalt altar of Yredelemnul.
  2728 | D:4      | Found an opulent altar of Gozag.
  2771 | D:5      | Entered Level 5 of the Dungeon
  2800 | D:5      | Reached XP level 7. HP: 60/66 MP: 6/8
  2834 | D:5      | Noticed Sigmund
  2836 | D:5      | Killed Sigmund
  2837 | D:5      | Reached skill level 5 in Polearms
  2837 | D:5      | Found a hide-covered altar of Uskayaw.
  2866 | D:5      | Reached * piety under Cheibriados
  2933 | D:5      | Noticed Menkaure
  3040 | D:5      | Killed Menkaure
  3048 | D:5      | Found a white marble altar of Elyvilon.
  3085 | D:5      | Found a staircase to the Ecumenical Temple.
  3098 | Temple   | Entered the Ecumenical Temple
  3221 | D:5      | Found a shimmering altar of Xom.
  3221 | D:5      | Noticed a fire bat
  3245 | D:5      | Reached XP level 8. HP: 38/73 MP: 8/10
  3270 | D:5      | Reached skill level 5 in Fighting
  3633 | D:5      | Identified the +9 spear of Summertime {flame, ^Contam rC+
                  | Int+3}
  3988 | D:6      | Found a broken altar of Ashenzari.
  4123 | D:6      | Reached skill level 5 in Shields
  4234 | D:6      | Reached ** piety under Cheibriados
  4336 | D:6      | Noticed Duvessa
  4337 | D:6      | Noticed Dowan
  4349 | D:6      | Killed Duvessa
  4350 | D:6      | Reached XP level 9. HP: 80/82 MP: 12/12
  4352 | D:6      | Killed Dowan
  4355 | D:6      | Noticed Edmund
  4365 | D:6      | Killed Edmund
  4410 | D:6      | You fall into a shaft and drop 2 floors!
  4422 | D:8      | Reached skill level 5 in Invocations
  4685 | D:6      | Reached *** piety under Cheibriados
  5046 | D:7      | Noticed Maggie
  5239 | D:7      | Found an iron altar of Okawaru.
  5244 | D:7      | Noticed Joseph
  5266 | D:7      | Killed Joseph
  5453 | D:7      | Killed Maggie
  5644 | D:7      | Reached XP level 10. HP: 94/94 MP: 14/14
  6443 | D:8      | Reached **** piety under Cheibriados
  6552 | D:8      | Found a staircase to the Lair.
  6629 | D:8      | Found a shadowy altar of Dithmenos.
  6760 | D:8      | Reached ***** piety under Cheibriados
  7956 | D:9      | Reached XP level 11. HP: 71/104 MP: 15/17
  8116 | D:9      | Noticed Amaemon
  8116 | D:9      | Noticed a two-headed ogre
  8119 | D:9      | Killed a two-headed ogre
  8123 | D:9      | Killed Amaemon
  8827 | D:10     | Entered Level 10 of the Dungeon
  8963 | D:10     | Found a burning altar of Makhleb.
  9206 | D:10     | Reached skill level 10 in Polearms
  9497 | D:10     | Found a bloodstained altar of Trog.
  9519 | D:10     | Found Beegiecs's Jewellery Boutique.
  9609 | D:10     | Noticed a two-headed ogre
  9621 | D:10     | Killed a two-headed ogre
 10021 | Lair:1   | Entered Level 1 of the Lair of Beasts
 10088 | D:10     | Bought a ring of protection from fire for 375 gold pieces
 10252 | Lair:1   | Reached XP level 12. HP: 52/116 MP: 19/19
 10542 | Lair:1   | Reached skill level 10 in Fighting
 10621 | Lair:1   | Reached skill level 10 in Invocations
 11260 | Lair:2   | Noticed a five-headed hydra
 11272 | Lair:2   | Killed a five-headed hydra
 11503 | Lair:2   | Reached ****** piety under Cheibriados
 11776 | Lair:2   | Found a hole to the Spider Nest.
 11932 | Lair:2   | Found a staircase to the Shoals.
 12434 | Lair:2   | Noticed a catoblepas
 12458 | Lair:2   | Killed a catoblepas
 13025 | Lair:2   | Gained mutation: You can use your snake-like lower body to
                  | constrict enemies. [Naga growth]
 13025 | Lair:2   | Reached XP level 13. HP: 126/127 MP: 21/21
 13666 | Lair:3   | You fall into a shaft and drop 1 floor!
 14515 | Lair:4   | Reached skill level 1 in Evocations
 15399 | Lair:4   | Found a viscous altar of Jiyva.
 15399 | Lair:4   | Found a staircase to the Slime Pits.
 15665 | Lair:5   | Entered Level 5 of the Lair of Beasts
 15677 | Lair:5   | Reached XP level 14. HP: 112/139 MP: 23/23
 16826 | Lair:5   | Reached skill level 5 in Evocations
 16983 | Lair:5   | Noticed a dire elephant
 17192 | Lair:5   | Killed a dire elephant
 17334 | Lair:5   | Identified the +3 sling of Prudence {drain, rF+ Str+6
                  | Dex-2}
 18743 | D:12     | Reached skill level 1 in Dodging
 18743 | D:12     | Reached XP level 15. HP: 136/151 MP: 25/25
 18824 | D:12     | Found a gate leading to a gauntlet.
 18836 | Gauntlet | Entered a Gauntlet
 18836 | Gauntlet | Found a transporter.
 18843 | Gauntlet | Found a transporter.
 18845 | Gauntlet | Found a transporter.
 18856 | Gauntlet | Found a transporter.
 18859 | Gauntlet | Found a transporter.
 18871 | Gauntlet | Found a transporter.
 18886 | Gauntlet | Found a transporter.
 18895 | Gauntlet | Noticed a cacodemon
 18897 | Gauntlet | Found a transporter.
 18909 | Gauntlet | Found a transporter.
 18918 | Gauntlet | Found a runed translucent door.
 18921 | Gauntlet | Found a runed translucent door.
 18923 | Gauntlet | Found a transporter.
 18923 | Gauntlet | Found a transporter.
 18951 | Gauntlet | Found a transporter.
 18951 | Gauntlet | Found a transporter.
 19003 | Gauntlet | Found a transporter.
 19111 | Gauntlet | Identified the amulet of Woxir {Spirit ^Contam Will- Str+5
                  | Stlth+}
 19309 | Gauntlet | Identified the ring "Hauruck" {rN+ Str-4 SInv Stlth+}
 19755 | D:12     | Found Pugas's Weapon Boutique.
 19756 | D:12     | Found a staircase to the Orcish Mines.
 20883 | D:13     | Noticed an orc warlord
 20887 | D:13     | Reached skill level 15 in Invocations
 20888 | D:13     | Killed an orc warlord
 21038 | D:13     | Reached skill level 5 in Armour
 21601 | D:14     | Identified the ring of Qeumm {rN+ Will+ Int+4 Dex+2}
 22168 | D:10     | Bought the ring of Sif Muna's Castigation {+Blink Fly rN+
                  | AC+4} for 844 gold pieces
 22552 | D:14     | Reached skill level 15 in Fighting
 22552 | D:14     | Reached XP level 16. HP: 150/163 MP: 27/27
 23056 | D:14     | Found a gate to the Vaults.
 23071 | D:14     | Reached skill level 5 in Dodging
 23547 | D:15     | Entered Level 15 of the Dungeon
 24616 | D:15     | Found a staircase to the Depths.
 24819 | Orc:1    | Entered Level 1 of the Orcish Mines
 24934 | Orc:1    | You are sucked into a shaft and drop 1 floor!
 24934 | Orc:2    | Entered Level 2 of the Orcish Mines
 25353 | Orc:2    | Learned a level 2 spell: Blink
 25473 | Orc:1    | Noticed Josephine
 25482 | Orc:1    | Killed Josephine
 25748 | Orc:2    | Found a staircase to the Elven Halls.
 26004 | Orc:2    | Paralysed by an orc sorcerer for 2 turns
 26227 | Orc:2    | Found Aploc's Book Emporium.
 26234 | Orc:2    | Found Hefavu's Weapon Boutique.
 26238 | Orc:2    | Found Qodghuut's Assorted Antiques.
 26240 | Orc:2    | Found Bemeis's General Store.
 26246 | Orc:2    | Bought a scroll of fear for 112 gold pieces
 26248 | Orc:2    | Bought 3 scrolls of teleportation for 126 gold pieces
 26717 | Spider:1 | Entered Level 1 of the Spider Nest
 27081 | Spider:1 | Reached XP level 17. HP: 160/174 MP: 28/28
 28334 | Spider:2 | Found a transporter.
 28337 | Spider:2 | Noticed Hiziss's ghost (journeyman DsCK)
 28341 | Spider:2 | Noticed Arachne
 28427 | Spider:2 | Noticed Honosyedgha's ghost (adept GrBe)
 28870 | Spider:2 | Found a transporter.
 29348 | Spider:3 | Reached skill level 10 in Armour
 29703 | Orc:2    | Bought a manual of Invocations for 1120 gold pieces
 30116 | Spider:3 | Reached skill level 1 in Stealth
 30153 | Spider:3 | Reached skill level 1 in Throwing
 31152 | Spider:4 | Entered Level 4 of the Spider Nest
 31677 | Spider:4 | Reached skill level 5 in Stealth
 32478 | Spider:4 | Reached XP level 18. HP: 138/187 MP: 30/30
 33104 | Spider:4 | Got a gossamer rune of Zot
 33657 | Shoals:1 | Entered Level 1 of the Shoals
 34243 | Shoals:2 | Identified the +1 robe "Inol" {rN+ Int+2}
 34371 | Shoals:1 | Reached skill level 5 in Throwing
 34704 | Shoals:1 | Identified the serpent talisman of Hadjma {rC- rCorr SInv}
 34704 | Shoals:1 | Noticed Aizul
 34716 | Shoals:1 | Killed Aizul
 34987 | Shoals:1 | Found a runed translucent door.
 35033 | Shoals:1 | Acquired the amulet of Activism {RegenMP *Corrode rElec
                  | rPois}
 35558 | Shoals:2 | Reached skill level 10 in Stealth
 35662 | Shoals:2 | Noticed a tentacled monstrosity
 35670 | Shoals:2 | Killed a tentacled monstrosity
 35792 | Shoals:2 | Identified the ring "Etetzi" {rF+ rN+ rCorr}
 35798 | Shoals:2 | Got Naynoq's Tome of Mad Ravings
 36571 | Shoals:3 | Found the +10 dark maul {heavy}
 36644 | Shoals:4 | Entered Level 4 of the Shoals
 36705 | Shoals:4 | Identified the +0 scale mail "Xumeuw" {rC+}
 36708 | Shoals:4 | Found a white marble altar of Elyvilon.
 36739 | Shoals:4 | Noticed Mara
 36749 | Shoals:4 | Noticed dracomuter's illusion
 36752 | Shoals:3 | Noticed dracomuter's illusion
 36784 | Shoals:4 | Reached XP level 19. HP: 170/198 MP: 32/32
 37082 | Shoals:4 | Noticed Polyphemus
 37099 | Shoals:4 | Killed Polyphemus
 37846 | Shoals:4 | Found a glowing golden altar of the Shining One.
 40094 | Shoals:3 | Noticed dracomuter's illusion
 40104 | Shoals:3 | Killed Mara
 40619 | Shoals:4 | Found a glowing silver altar of Zin.
 40998 | Shoals:4 | Got a barnacled rune of Zot
 41580 | Shoals:4 | Gained mutation: You are clumsy. (Dex -2) [mutagenic glow]
 41852 | Vaults:1 | Entered Level 1 of the Vaults
 41881 | Vaults:1 | Found Kuquik's Book Shop.
 42063 | Vaults:1 | Paralysed by a formless jellyfish for 1 turns
 42411 | Orc:2    | Bought a manual of Armour for 1120 gold pieces
 42953 | Vaults:1 | Reached XP level 20. HP: 177/211 MP: 34/34
 44312 | Vaults:2 | Paralysed by a formless jellyfish for 1 turns
 44491 | Vaults:2 | HP: 2/213 [ironbound thunderhulk/bolt of lightning[a vault
                  | warden] (55)]
 44500 | Vaults:2 | Found Iqojon's Distillery.
 44709 | Vaults:2 | Noticed Zenata
 44744 | Vaults:2 | Killed Zenata
 44935 | Vaults:2 | Identified the +6 great sword of Pestilence {drain, Int+4}
 44943 | Vaults:2 | Bought a potion of heal wounds for 75 gold pieces
 44943 | Vaults:2 | Bought a potion of resistance for 150 gold pieces
 45290 | Vaults:3 | Noticed Saint Roka
 45306 | Vaults:3 | Killed Saint Roka
 46215 | Vaults:3 | Reached XP level 21. HP: 179/224 MP: 35/35
 46216 | Vaults:3 | Reached XP level 22. HP: 187/232 MP: 36/36
 46367 | Vaults:3 | Found Gaemmil's Magic Scroll Shoppe.
 46373 | Vaults:3 | Bought a scroll of butterflies for 68 gold pieces
 46373 | Vaults:3 | Bought a scroll of teleportation for 51 gold pieces
 46905 | Vaults:2 | Reached skill level 15 in Armour
 47351 | Vaults:2 | Found a runed translucent gate.
 47352 | Vaults:2 | Noticed Lukheov's ghost (veteran DrWn)
 47353 | Vaults:2 | Found a runed translucent gate.
 47353 | Vaults:2 | Found an opulent altar of Gozag.
 47353 | Vaults:2 | Found a runed translucent gate.
 47355 | Vaults:2 | Identified the +1 helmet of the Garden {rN+ Str+2 Dex+3}
 47935 | Vaults:2 | Killed Lukheov's ghost
 48691 | Vaults:3 | Found a staircase to the Crypt.
 50110 | Vaults:4 | Reached XP level 23. HP: 226/246 MP: 37/37
 50501 | Vaults:4 | Reached skill level 10 in Evocations
 50629 | Vaults:4 | Reached skill level 1 in Translocations
 51256 | Depths:1 | Entered Level 1 of the Depths
 51672 | Depths:1 | Found a hazy altar of Hepliaklqana.
 52138 | Depths:1 | Found a one-way gateway to a ziggurat.
 52203 | Depths:1 | Found a snail-covered altar of Cheibriados.
 52320 | Depths:1 | Found a gateway to Hell.
 52939 | Depths:2 | Found Neitt's Pet Rocks.
 52950 | Depths:2 | Bought a wand of digging (5) for 357 gold pieces
 52950 | Depths:2 | Bought a wand of digging (6) for 428 gold pieces
 53366 | Depths:2 | Reached skill level 5 in Translocations
 53667 | Depths:2 | Found a one-way gate leading to the halls of Pandemonium.
 54900 | Depths:2 | Found a one-way gate to the infinite horrors of the Abyss.
 54901 | Depths:2 | Found a portal to a secret trove of treasure.
 55242 | Depths:2 | Found Tuic's Jewellery Shoppe.
 55243 | Depths:2 | Found Rywnoarika's Book Shop.
 55243 | Depths:2 | Found Xiamuola's Book Shop.
 55338 | Depths:2 | You paid a toll of 4 scrolls of blinking to enter a
                  | treasure trove
 55339 | Trove    | Entered a treasure trove
 55351 | Trove    | Identified the +5 demon trident of Tiguredi {vamp, rCorr}
 55565 | Depths:3 | Reached XP level 24. HP: 254/260 MP: 37/37
 55614 | Depths:3 | Found a shimmering blue altar of Sif Muna.
 55635 | Depths:3 | Got the Anthology of Weathered Frostbite
 55646 | Depths:3 | Got the Compendium of the Relocated Wendigo
 55658 | Depths:3 | Noticed an ancient lich
 55668 | Depths:3 | Killed an ancient lich
 55680 | Depths:3 | Noticed a dread lich
 55690 | Depths:3 | Killed a dread lich
 55726 | Depths:3 | Got Xassueh's Compendium of the Hyperborean Coals
 55761 | Depths:3 | Got Ynay's Book of Accelerants
 55763 | Depths:3 | Got the Verses on Amathomancy
 55767 | Depths:3 | Identified the ring of Raphaudgh {^Drain rC+ rN+++ Dex-4
                  | Slay+4}
 55783 | Depths:3 | Got the Precepts of Charred Phantasms
 56178 | Depths:3 | HP: 10/260 [hell knight simulacrum (8)]
 57276 | Depths:3 | Found an ancient bone altar of Kikubaaqudgha.
 57515 | Depths:4 | Entered Level 4 of the Depths
 57550 | Depths:4 | Noticed Mennas
 58038 | Depths:3 | Killed Mennas
 58418 | Depths:4 | Learned a level 1 spell: Apportation
 58436 | Depths:4 | Found Kayluh's Mayhem Merchandise.
 58518 | Depths:4 | Found Kuull's Book Boutique.
 58915 | Depths:4 | Found a gate to the Realm of Zot.
 59405 | Slime:1  | Entered Level 1 of the Pits of Slime
 60412 | Slime:2  | Reached skill level 10 in Shields
 60521 | Slime:3  | Gained mutation: Your tail ends in a venomous barb. [a
                  | shining eye]
 60601 | Slime:4  | Paralysed by a formless jellyfish for 1 turns
 61310 | Elf:1    | Entered Level 1 of the Elven Halls
 61447 | Elf:1    | Reached XP level 25. HP: 267/267 MP: 38/38
 62394 | Elf:1    | Identified the ring "Ciruu" {rPois rN+ MP+9 Slay+3}
 62586 | Elf:2    | Paralysed by an air elemental for 1 turns
 62891 | Elf:2    | Found a runed translucent gate.
 62892 | Elf:2    | Found a runed translucent gate.
 62892 | Elf:2    | Found a runed translucent gate.
 63446 | Elf:3    | Entered Level 3 of the Elven Halls
 63542 | Elf:3    | Paralysed by an air elemental for 1 turns
 63546 | Elf:3    | Paralysed by an air elemental for 1 turns
 64071 | Elf:3    | Reached skill level 15 in Shields
 64202 | Elf:3    | Identified the +0 chain mail of Valiance {^Contam rPois
                  | Str+3}
 64221 | Elf:3    | Identified the ring "Peleuc" {Str+4 Int+6}
 64369 | Elf:3    | Identified the +8 flail of Joyful Slaughter {freeze, rC+
                  | Int+5}
 64406 | Elf:3    | Identified the +12 dagger of Parts Unknown {pain, rF+
                  | Dex+3}
 64431 | Elf:3    | Found the ring of the Octopus King {Fly HP+2 AC+2 EV+2
                  | SH+2}
 64443 | Elf:3    | Identified the +10 whip "Geirchy" {flame, rC+}
 64654 | Elf:3    | Identified the +8 dagger of Lotocwown {freeze, rElec rF+
                  | Will+}
 64797 | Elf:3    | Identified the staff of Wunesan {^Fragile rPois rF+ rCorr
                  | Summ Alchemy}
 64813 | Elf:3    | Identified the staff of Muitepsi {rElec Int+6 Conj Earth}
 64868 | Elf:3    | Identified the staff of Wucaa {rC++ Str+3 Conj}
 64872 | Elf:3    | Identified the +8 longbow "Gysof" {flame, Str+2}
 65664 | Slime:5  | Entered Level 5 of the Pits of Slime
 65763 | Slime:5  | Gained mutation: Your natural rate of healing is unusually
                  | fast. [a shining eye]
 65871 | Slime:5  | Reached XP level 26. HP: 277/277 MP: 39/39
 65929 | Slime:5  | Gained mutation: You are occasionally teleported next to
                  | monsters. [a shining eye]
 65995 | Slime:4  | Lost mutation: Your natural rate of healing is unusually
                  | fast. [potion of mutation]
 65995 | Slime:4  | Lost mutation: Your tail ends in a venomous barb. [potion
                  | of mutation]
 65995 | Slime:4  | Lost mutation: You are occasionally teleported next to
                  | monsters. [potion of mutation]
 65995 | Slime:4  | Lost mutation: You are clumsy. (Dex -2) [potion of
                  | mutation]
 65995 | Slime:4  | Gained mutation: You are frail. (-10% HP) [potion of
                  | mutation]
 65995 | Slime:4  | Gained mutation: You are partially covered in iridescent
                  | scales. (AC +2) [potion of mutation]
 66202 | Slime:5  | Noticed the Royal Jelly
 66207 | Slime:5  | Killed the Royal Jelly
 66278 | Slime:5  | Identified the +1 cloak "Tara" {-Tele rElec rN+ Str+8}
 66318 | Slime:5  | Got a slimy rune of Zot
 66322 | Slime:5  | Got the Excursus on the Elixir and Despair
 66329 | Slime:5  | Identified the ring "Limnoa" {+Blink rPois}
 66363 | Slime:5  | Identified the staff of the Genius {rC+ Dex-5 SInv Ice Air
                  | Earth}
 66376 | Slime:5  | Identified the +2 leather armour of the Seven People {rElec
                  | rPois MP+9}
 66381 | Slime:5  | Identified the +11 glaive of a ziggurat {heavy, rC+}
 66954 | Vaults:5 | Entered Level 5 of the Vaults
 67166 | Vaults:5 | Noticed an ancient lich
 67172 | Vaults:5 | Killed an ancient lich
 67529 | Vaults:5 | Identified the -2 cloak "Voadwyfu" {rPois rN+ rCorr Slay-5}
 67904 | Vaults:5 | Noticed an ancient lich
 67921 | Vaults:5 | Killed an ancient lich
 67949 | Vaults:5 | Identified the +3 troll leather armour "Alycse" {-Tele
                  | Will+ Regen+ Str+4}
 67964 | Abyss:3  | Cast into level 3 of the Abyss (a deep elf sorcerer)
 67968 | Abyss:3  | Reached skill level 27 in Invocations
 67968 | Abyss:3  | Reached XP level 27. HP: 65/256 MP: 37/40
 68381 | Abyss:3  | Got an abyssal rune of Zot
 68742 | Vaults:5 | Escaped the Abyss
 69155 | Vaults:5 | Identified the +0 leather armour "Rekkogal" {Will- Str+6
                  | Int+8}
 69271 | Vaults:5 | Got the Almanac of Baneful Thunder
 69767 | Vaults:5 | Identified the staff of Annoyance {Str+3 Earth}
 69954 | Vaults:5 | Got a silver rune of Zot
 70468 | Hell     | Entered the Vestibule of Hell
 70468 | Hell     | Noticed Geryon
 71072 | Hell     | Killed Geryon
 71249 | Hell     | Found a gateway to the Iron City of Dis.
 71249 | Hell     | Found a gateway to the freezing wastes of Cocytus.
 71653 | Hell     | Found a gateway to the decaying netherworld of Tartarus.
 71928 | Hell     | Found a gateway to the ashen valley of Gehenna.
 72158 | Zot:1    | Entered Level 1 of the Realm of Zot
 72208 | Zot:1    | Identified the +3 leather armour of Foolhardiness {Will+
                  | Int+2}
 72510 | Zot:1    | You fall into a shaft and drop 1 floor!
 72530 | Zot:1    | Reached skill level 27 in Fighting
 72604 | Zot:1    | Reached skill level 1 in Spellcasting
 73461 | Zot:2    | Reached skill level 10 in Dodging
 73704 | Zot:2    | Found a runed translucent gate.
 73704 | Zot:2    | Found a runed translucent gate.
 73704 | Zot:2    | Found a runed translucent gate.
 73704 | Zot:2    | Noticed a dread lich
 73704 | Zot:2    | Noticed an ancient lich
 73706 | Zot:2    | Noticed Fuinin's ghost (master GnFi)
 74141 | Zot:2    | Reached skill level 5 in Spellcasting
 74651 | Zot:2    | Identified the +5 orcbow "Itouk" {freeze, Fly Str+4 Dex-3}
 74959 | Zot:2    | Killed a dread lich
 74968 | Zot:2    | Killed an ancient lich
 75019 | Zot:2    | Killed Fuinin's ghost
 75853 | Zot:3    | Noticed Grunn
 75862 | Zot:3    | Killed Grunn
 77585 | Zot:5    | Entered Level 5 of the Realm of Zot
 78310 | Zot:5    | Reached skill level 15 in Dodging
 78428 | Zot:5    | Noticed an orb of fire
 78430 | Zot:5    | Gained mutation: Your magical capacity is low. (-10% MP)
                  | [an orb of fire]
 78443 | Zot:5    | Gained mutation: You are dopey. (Int -2) [an orb of fire]
 78445 | Zot:5    | Gained mutation: You are very frail. (-20% HP) [an orb of
                  | fire]
 78450 | Zot:5    | Gained mutation: You are clumsy. (Dex -2) [an orb of fire]
 78451 | Zot:5    | Gained mutation: You are extremely frail. (-30% HP) [an orb
                  | of fire]
 78452 | Zot:5    | Killed an orb of fire
 78476 | Zot:5    | Lost mutation: Your magical capacity is low. (-10% MP)
                  | [potion of mutation]
 78476 | Zot:5    | Lost mutation: You are clumsy. (Dex -2) [potion of
                  | mutation]
 78476 | Zot:5    | Gained mutation: You passively dampen the noise of your
                  | surroundings. [potion of mutation]
 78476 | Zot:5    | Lost mutation: You are partially covered in iridescent
                  | scales. (AC +2) [potion of mutation]
 78477 | Zot:5    | Lost mutation: You are extremely frail. (-30% HP) [potion
                  | of mutation]
 78477 | Zot:5    | Lost mutation: You are dopey. (Int -2) [potion of mutation]
 78477 | Zot:5    | Lost mutation: You are very frail. (-20% HP) [potion of
                  | mutation]
 78477 | Zot:5    | Gained mutation: Your magical capacity is low. (-10% MP)
                  | [potion of mutation]
 78605 | Zot:5    | Noticed an ancient lich
 78613 | Zot:5    | Noticed an orb of fire
 78615 | Zot:5    | Gained mutation: You are very frail. (-20% HP) [an orb of
                  | fire]
 78616 | Zot:5    | Gained mutation: You are vulnerable to heat. (rF-) [an orb
                  | of fire]
 78617 | Zot:5    | Gained mutation: Your magical capacity is very low. (-20%
                  | MP) [an orb of fire]
 78619 | Zot:5    | Killed from afar by an orb of fire

Illustrated notes

Levels and vault maps discovered:
D:1:      erik_arrival_blinker_ship, layout_rooms, minmay_ruptured
D:2:      layout_basic
D:3:      layout_basic, hellmonk_ecumenical_altar_crossroads
D:4:      layout_basic, nicolae_yredelemnul_corpse_copse,
          mainiacjoe_overflow_alcove_1, lemuel_coloured_pillars_altar
D:5:      layout_loops_ring, mainiacjoe_overflow_six_doors_small,
          mainiacjoe_overflow_tiny_flanked, regret_index_xom_of_box,
          minmay_temple_entry_butterflies, uniq_menkaure, uniq_sigmund
D:6:      layout_loops_cross, mainiacjoe_overflow_catwalk,
          minmay_quadrilaterals, uniq_edmund, uniq_duvessa
D:7:      layout_layer_cave, okawaru_gym_becter, kennysheep_generic_room_15,
          uniq_maggie, uniq_joseph
D:8:      layout_basic, nicolae_dithmenos_shadow_blocks, lair_entry_dummy
D:9:      layout_layer_cave, uniq_amaemon
D:10:     layout_basic, mainiacjoe_overflow_small_starburst, trog_hazing_becter,
          serial_shops, shop, hangedman_abyss_or_decor_slice
D:11:     layout_basic, dreamdust_princess_bridge
D:12:     layout_long_grid, orc_david_3, serial_undead, serial_undead_f,
          serial_undead_f, serial_undead_b, serial_undead_b, serial_undead_a,
          serial_undead_e, gauntlet_entry_generic
D:13:     layout_roguey, st_stairs_1, lightli_church_of_beogh
D:14:     minmay_the_grid_triangle_9x9_recursive_2_mashed
          [minmay_the_grid_triangle_9x9_prize_center,
          minmay_the_grid_triangle_9x9_zippers_horizontal,
          minmay_the_grid_triangle_9x9_thin_v,
          minmay_the_grid_triangle_9x9_warning], layout_basic, chequers_jeans
D:15:     grunt_enter_depths_snipers, layout_basic, serial_glass,
          glass_columns_b, glass_columns_a, roderic_roman_lattice
Temple:   jpeg_temple_clearing
Lair:1:   layout_loops_ring, enter_volcano_2, grunt_megastairs_4
Lair:2:   layout_chaotic_city, nicolae_shoals_entry_roost,
          spider_nest_entry_rubble, portal_ice_cave_entry_imps,
          dreamdust_mushroom_princess
Lair:3:   minmay_lair_venomous_thicket, layout_gridlike, st_stairs_6,
          beast_lair_carwin_11
Lair:4:   layout_cave_pods, slime_entry_1, grunt_forest_large_clearings
Lair:5:   grunt_lair_end_beastmaster, layout_regular_city, wad_woods_river_02,
          st_stairs_5
Shoals:1: nicolae_shoals_offshore_bank_account, layout_shoals, uniq_aizul
Shoals:2: dreamdust_from_the_deep, layout_shoals, nicolae_shoals_gull_way,
          nicolae_shoals_former_cling_halls
Shoals:3: layout_shoals
Shoals:4: shoals_end_hellmonk_holy_island, uniq_mara, uniq_polyphemus
Spider:1: layout_spider_delve, drop_trap
Spider:2: layout_cave_pods, nzn_ghost_randoct, uniq_arachne
Spider:3: layout_chambers, nicolae_spider_swamp_cousins,
          hangedman_spider_tarantella_strand
Spider:4: guppyfry_spider_rune, hive_lemuel
Slime:1:  layout_caves
Slime:2:  layout_caves
Slime:3:  layout_caves
Slime:4:  nicolae_slime_pool, layout_caves
Slime:5:  slime_pit_nicolae_royal_road_to_ruin
Orc:1:    layout_diamond_mine, elves_outpost_lemuel, uniq_josephine
Orc:2:    st_orc_elflike, layout_diamond_mine, hangedman_feature_mirror
Elf:1:    eino_elf_arrival_customs, layout_onion_city, serial_co_window_serial,
          co_window_of_opportunity_a, co_window_corner_a, co_window_paths_a,
          co_window_corner_a, co_window_of_opportunity_a, co_window_corner_a,
          co_window_2corner, co_window_broadway_b, co_window_of_opportunity_b,
          co_window_paths_e, glass_columns_b, glass_columns_c, glass_columns_c,
          glass_columns_b, glass_columns_b
Elf:2:    nicolae_elf_blades_crystal_corner, layout_geoelf_octagon
Elf:3:    minmay_elf_hall_not_hex, layout_loops_cross
Vaults:1: nicolae_vaults_hallways_thing, ontoclasm_vaults_chip,
          vaults_room_grid, v_alt_pattern_1, hangedman_vaults_snaps,
          nicolae_vaults_heart-shaped_vault, hangedman_vaults_pinch,
          nicolae_vaults_tetromino_T_1, v_misc_29,
          nicolae_vaults_know_your_exits, nicolae_vaults_frosty_reception,
          layout_vaults_chaotic_city, serial_shops, nicolae_shop_crystal
Vaults:2: ebering_ghost_gozag, hangedman_vaults_variations,
          nicolae_vaults_storage_closets_3, st_spiral_rooms, v_misc_13,
          nicolae_vaults_sealed_display, nicolae_vaults_stepped_doors,
          nicolae_vaults_border_crossing, vaults_room_corners,
          ontoclasm_vaults_twist, v_alt_pattern_3, nicolae_vaults_little_ls,
          nicolae_vaults_tetromino_L_1, vaults_room_door_ring,
          layout_vaults_omnicross, serial_shops,
          nicolae_shop_tiny_statue_garden, uniq_margery, uniq_zenata
Vaults:3: v_misc_2, minmay_crypt_entry_skeletal_spiral, v_pattern_2,
          nicolae_vaults_network_square, nicolae_vaults_tetromino_T_2,
          nicolae_vaults_oval_intersection, nicolae_vaults_house_2,
          nicolae_vaults_door_testing_chamber, hangedman_vaults_river_flow,
          nicolae_vaults_triangles, nicolae_vaults_house_2,
          nicolae_vaults_trapezoid_1, layout_vaults_omnibox, serial_shops,
          nicolae_shop_hallway_stairs, uniq_saint_roka
Vaults:4: nicolae_vaults_closet_pinwheel_4, v_misc_26, v_misc_4,
          ontoclasm_vaults_eye, ontoclasm_vaults_idyll, v_misc_16,
          nicolae_vaults_storage_room_doors, layout_vaults_quadrants
Vaults:5
Depths:1: layout_cave_shapes, enter_ziggurat_a, grunt_hell_entry_dis_grunt,
          serial_column_ruins, column_ruins_hut, column_ruins_corridor_plus,
          column_ruins_grid_1, column_ruins_columns_corner,
          column_ruins_open_tiny, column_ruins_open_tiny, column_ruins_grid_1,
          column_ruins_open_tiny, cheibriados_altar_1, minivault_16,
          nicolae_hepliaklqana_hippocampus
Depths:2: minmay_connected_boxes_in_corner, layout_gridlike, pan_entry,
          abyss_entry_small_statue_room, pf_hell_entry_great_geh,
          hangedman_decor_points, enter_trove_0, guppyfry_shop_earth,
          minmay_shop_grove, infiniplex_staircase_pillars_1
Depths:3: evilmike_library_of_no_secrets, layout_cave_pools,
          abyss_entry_crystal, hell_entry, dk_noncrumbling_4,
          minmay_door_square, chequers_serial_rivers_small_b,
          lemuel_zombie_altar_kikubaaqudgha
Depths:4: evilmike_zot_entry_round, layout_cave_shapes, serial_shops,
          nicolae_shop_waterfront, minmay_tree_intersection, hell_entry,
          minmay_misc_feat_four_crosses, nrook_mini_vaults, minmay_shop_mayhem,
          uniq_mennas
Hell
Zot:1:    layout_cellular_growth, regret_index_zotdec_zees, st_stairs_3,
          grunt_megastairs_5
Zot:2:    layout_basic, gammafunk_ghost_necromancy, grunt_megastairs_3
Zot:3:    layout_twisted_circle, regret_index_zotdec_silver_v_v_orig_slice,
          lemuel_baited_zot_trap, uniq_grunn
Zot:4:    layout_concentric_octagons
Zot:5:    layout_misc_corridors

Skill      XL: |  1  2  3  4  5  6  7  8  9 10 11 12 13 14 15 16 17 18 19 20 21 22 23 24 25 26 27 |
---------------+----------------------------------------------------------------------------------+-----
Shields        | 3 4 5 6 7 9 11 15 | 15.0
Polearms       | 3 4 6 7 8 9 10 12 13 14 | 14.0
Armour         | 3 5 8 10 14 16 | 16.3
Fighting       | 4 6 7 8 9 11 12 14 15 16 17 18 19 21 22 24 27 | 27.0
Invocations    | 1 2 4 6 8 9 11 13 14 15 16 18 20 22 24 27 | 27.0
Evocations     | 2 6 8 9 10 | 10.0
Dodging        | 1 4 6 8 9 15 | 15.2
Stealth        | 6 10 | 10.0
Throwing       | 3 6 9 |  9.0
Translocations | 6 |  6.0
Spellcasting   | 8 |  8.0

Action                     |  1- 3 |  4- 6 |  7- 9 | 10-12 | 13-15 | 16-18 | 19-21 | 22-24 | 25-27 || total
---------------------------+-------+-------+-------+-------+-------+-------+-------+-------+-------++-------
  Melee: Trident           |    85 |   119 |    78 |       |       |       |       |       |       ||   282
         Spear             |       |       |   142 |   609 |   963 |  1726 |   620 |       |       ||  4060
         Constrict         |       |       |       |       |   155 |   279 |   170 |   282 |   288 ||  1174
         Demon trident     |       |       |       |       |       |       |   702 |  1973 |  2145 ||  4820
  Throw: Dart              |       |       |     1 |     5 |     9 |    53 |     1 |       |       ||    69
         Boomerang         |       |       |       |       |     3 |     1 |    46 |    25 |    34 ||   109
         Throwing net      |       |       |       |       |       |       |     3 |       |       ||     3
         Javelin           |       |       |       |       |       |       |       |     4 |    11 ||    15
   Cast: Apportation       |       |       |       |       |       |       |       |       |     2 ||     2
 Invoke: Slouch            |       |       |       |     6 |    16 |    26 |    17 |    27 |    24 ||   116
         Step From Time    |       |       |       |       |     2 |       |       |       |     1 ||     3
Ability: Spit Poison       |    13 |    17 |    19 |     8 |    16 |     1 |       |       |       ||    74
  Evoke: Wand              |       |     5 |    13 |     2 |     3 |     9 |     7 |    14 |    27 ||    80
         Lightning rod     |       |       |       |       |       |       |       |     5 |       ||     5
    Use: Scroll            |       |     9 |     2 |    10 |    10 |     7 |     8 |    11 |    10 ||    67
         Potion            |       |       |     1 |       |       |     1 |     7 |     8 |    16 ||    33
   Stab: Petrified         |       |       |       |     2 |       |       |     1 |       |     3 ||     6
         Paralysed         |       |       |       |       |       |     3 |     1 |     2 |     8 ||    14
         Sleeping          |       |       |       |       |       |    11 |     6 |    13 |     7 ||    37
         Distracted        |       |       |       |       |       |       |     3 |     4 |     4 ||    11
         Petrifying        |       |       |       |       |       |       |     1 |       |       ||     1
         Held in net/web   |       |       |       |       |       |       |     3 |       |       ||     3
         Invisible         |       |       |       |       |       |       |       |       |     1 ||     1
 Armour: Scale mail        |    58 |    70 |   157 |   338 |   399 |  1073 |   751 |  1142 |       ||  3988
         Ring mail         |       |       |       |       |    93 |       |       |       |       ||    93
         Storm dragon scal |       |       |       |       |       |       |       |   134 |  1252 ||  1386
         Skin              |       |       |       |       |       |       |       |       |    25 ||    25
  Dodge: Dodged            |    19 |    21 |    52 |   101 |   191 |   476 |   270 |   589 |   576 ||  2295
         Repelled          |       |       |       |       |       |     5 |     3 |    13 |    46 ||    67
  Block: Buckler           |     5 |       |       |       |       |       |       |       |       ||     5
         Kite shield       |     5 |    48 |   110 |   360 |   581 |  1095 |   669 |   962 |       ||  3830
         Tower shield      |       |       |       |       |       |       |       |   152 |  1754 ||  1906
